 Dungeon Crawl Stone Soup version 0.31.0-11-ge490571c62 (webtiles) character file.

Game seed: 17194013950844381799

260 Ekaitz the Gusty (level 6, 0/35 HPs)
             Began as a Tengu Air Elementalist on Feb 1, 2024.
             Slain by a black bear (1 damage)
             ... on level 4 of the Dungeon.
             The game lasted 00:05:23 (3289 turns).

Ekaitz the Gusty (Tengu Air Elementalist)           Turns: 3289, Time: 00:05:23

Health: 0/35       AC:  3    Str:  9    XL:     6   Next: 17%
Magic:  4/11       EV: 13    Int: 15    God:
Gold:   255        SH:  0    Dex: 16    Spells: 0/10 levels left

rFire   . . .        o - +2 dagger (pain)
rCold   . . .        (no shield)
rNeg    . . .        a - +0 robe
rPois   .            (helmet restricted)
rElec   .            n - +0 cloak
rCorr   .            (no gloves)
SInv    .            (boots unavailable)
Will    .....        (no amulet)
Stlth   ++           (no ring)
HPRegen 0.25/turn    (no ring)
MPRegen 0.12/turn

%: acrobat
@: very slightly contaminated
A: beak, talons 3, acrobatic
a: no special abilities


You were on level 4 of the Dungeon.
You visited 1 branch of the dungeon, and saw 4 of its levels.

You collected 255 gold pieces.

Inventory:

Hand Weapons
 c - a +0 broad axe
 o - a +2 dagger of pain (weapon)
Missiles
 p - 8 poisoned darts
Armour
 a - a +0 robe (worn)
 n - a +0 cloak (worn)
Scrolls
 f - a scroll of poison {unknown}
 g - 2 scrolls of identify {unknown}
 j - a scroll of enchant weapon {unknown}
 l - a scroll of revelation {unknown}
 q - a scroll of teleportation {unknown}
 r - a scroll of vulnerability {unknown}
 t - a scroll of blinking {unknown}
 u - a scroll of fear {unknown}
Potions
 b - a potion of magic
 d - a potion of mutation {unknown}
 e - 3 potions of brilliance {unknown}
 h - 3 potions of curing {unknown}
 i - a potion of heal wounds {unknown}
 k - 3 potions of haste {unknown}
 m - a potion of degeneration {unknown}
 s - a potion of lignification {unknown}


   Skills:
 * Level 2.1 Fighting
 + Level 0.6 Short Blades
 * Level 2.8 Dodging
 + Level 2.4 Stealth
 + Level 2.9 Spellcasting
 * Level 2.8 Conjurations
 * Level 6.3 Air Magic


You couldn't memorise any spells.
You knew the following spells:

 Your Spells              Type           Power      Damage    Failure   Level
a - Shock                 Conj/Air       60%        1d6       3%          1
b - Static Discharge      Conj/Air       30%        3-5/arc   4%          2
c - Swiftness             Air            21%        N/A       4%          3
d - Airstrike             Air            10%        2d(2-18)  16%         4

Your spell library contained the following spells:

 Spells                   Type           Power      Damage    Failure   Level
 Kiss of Death            Conj/Necr      24%        2d7       12%         1
 Confusing Touch          Hex            2%         N/A       52%         3
 Inner Flame              Hex/Fire       2%         N/A       52%         3
 Flame Wave               Conj/Fire      6%         2d5       75%         4
 Dispel Undead            Necr           2%         3d7       90%         4
 Sticky Flame             Fire/Alch      2%         2d4       90%         4


Dungeon Overview and Level Annotations

Branches:
Dungeon (4/15)
 Temple: D:4-7

Altars:
Fedhas
Yredelemnul
The Shining One


Innate Abilities, Weirdness & Mutations

You have a beak for a mouth.
You have claws for feet.
You can magically evade attacks while moving or waiting.


Message History

The zap hits the black bear.
The black bear is heavily wounded.
The zap hits the black bear.
The black bear is heavily wounded.
The zap hits the black bear.
The black bear is heavily wounded.
The black bear barely misses you.
The black bear claws you but does no damage. x2
The zap hits the black bear.
The black bear is severely wounded.
The zap hits the black bear.
The black bear is almost dead.
The black bear goes berserk!
The zap hits the black bear but does no damage.
The black bear is severely wounded.
The zap hits the black bear.
The black bear is almost dead.
The black bear barely misses you. The black bear claws you. x2
The black bear closely misses you.
The black bear claws you but does no damage.
The black bear misses you.
You miscast Shock.
You are very lightly contaminated with residual magic.
Nothing appears to happen.
The black bear bites you. The black bear closely misses you.
The black bear claws you.
Unknown command.
Casting: Shock (safe; 3% risk of failure)
Confirm with . or Enter, or press ? or * to list all spells.
Aiming: Shock (safe; 3% risk of failure)
Press: ? - help, Shift-Dir - straight line, f/p - black bear
Aim: a black bear (almost dead, berserk, 79% to hit)
You miscast Shock.
Nothing appears to happen.
The black bear bites you! The black bear claws you. x2
* * * LOW HITPOINT WARNING * * *
The black bear bites you.
* * * LOW HITPOINT WARNING * * *
The black bear claws you.
* * * LOW HITPOINT WARNING * * *
The black bear claws you.
You die...

#### ...# ##.#
#.# #.# #
##.###
###########.#
.....+
+......>%...#.#
##.###
#..h@......#
#.#
#.##.#######
#.# #.# ##.#
#.# ##.# #.#
...# .##.# .###
..##.# .##
..##.#######
..#
#.##.......#


You could see a black bear (berserk).

Vanquished Creatures
  A hound (D:4)
  Terence (D:3)
  Jessica (D:2)
  10 adders
  A dart slug (D:3)
  2 ribbon worms
  7 endoplasms
  5 giant cockroaches
  12 goblins
  9 hobgoblins
  5 quokkas
  5 ball pythons
  5 bats
  3 frilled lizards (D:1)
  5 kobolds
  3 rats
75 creatures vanquished.

Notes
Turn   | Place    | Note
-------+----------+-------------------------------------------
     0 | D:1      | Ekaitz the Tengu Air Elementalist began the quest for the
                  | Orb.
     0 | D:1      | Reached XP level 1. HP: 10/10 MP: 4/4
   141 | D:1      | Reached XP level 2. HP: 16/16 MP: 0/6
   144 | D:1      | Learned a level 2 spell: Static Discharge
   395 | D:1      | Reached skill level 1 in Fighting
   535 | D:1      | Reached XP level 3. HP: 20/20 MP: 4/7
   539 | D:1      | Learned a level 3 spell: Swiftness
  1068 | D:2      | Reached skill level 5 in Air Magic
  1098 | D:2      | Found a blossoming altar of Fedhas.
  1150 | D:2      | Reached XP level 4. HP: 12/25 MP: 2/8
  1316 | D:2      | Noticed Jessica
  1320 | D:2      | Killed Jessica
  1585 | D:2      | Found a faded altar of an unknown god.
  2123 | D:3      | Reached XP level 5. HP: 29/29 MP: 3/9
  2618 | D:3      | Noticed Terence
  2625 | D:3      | Killed Terence
  2626 | D:3      | Reached skill level 6 in Air Magic
  2757 | D:3      | Found a basalt altar of Yredelemnul.
  2771 | D:3      | Found a glowing golden altar of the Shining One.
  2832 | D:3      | Noticed an angel
  2841 | D:3      | Noticed a profane servitor
  3065 | D:4      | Reached XP level 6. HP: 27/35 MP: 1/11
  3070 | D:4      | Learned a level 4 spell: Airstrike
  3282 | D:4      | Noticed a black bear
  3289 | D:4      | HP: 1/35 [black bear (1)]
  3289 | D:4      | Slain by a black bear

Illustrated notes

Levels and vault maps discovered:
D:1:      scummos_arrival_simple_crosswalls, layout_rooms
D:2:      layout_basic, chequers_ecumenical_altar_simple, basic_altar,
          uniq_jessica
D:3:      layout_basic, grunt_temple_overflow_holy_war, uniq_terence
D:4:      layout_basic, serial_bayou_pond_c, nicolae_shop_i_like_big_books

Skill      XL: |  1  2  3  4  5 |
---------------+----------------+-----
Fighting       | 1 2 |  2.1
Air Magic      | 5 6 |  6.3
Conjurations   | 2 |  2.8
Short Blades   | |  0.6
Dodging        | |  2.8
Stealth        | |  2.4
Spellcasting   | |  2.9

Action                     |  1- 3 |  4- 6 || total
---------------------------+-------+-------++-------
  Melee: Broad axe         |    12 |       ||    12
         Peck              |     3 |     4 ||     7
         Kick              |     4 |     6 ||    10
         Dagger            |       |    17 ||    17
   Cast: Shock             |    65 |    95 ||   160
         Static Discharge  |       |     8 ||     8
   Stab: Sleeping          |       |     1 ||     1
 Armour: Robe              |     9 |    43 ||    52
  Dodge: Dodged            |    20 |    30 ||    50
